 Dungeon Crawl Stone Soup version 0.26-a0-52-gd53d4cd058 (webtiles) character file.

Game seed: 3187678369003677857

68 Hasart the Sneak (level 4, -2/27 HPs)
             Began as a Kobold Assassin on June 6, 2020.
             Splashed by a jelly's acid (5 damage)
             ... on level 1 of the Dungeon.
             The game lasted 00:02:16 (1702 turns).

Hasart the Sneak (Kobold Assassin)                  Turns: 1702, Time: 00:02:17

Health: -2/27      AC: -2    Str:  8    XL:     4   Next: 41%
Magic:  4/4        EV: 15    Int: 12    God:
Gold:   45         SH:  0    Dex: 17    Spells: 3/3 levels left

rFire    . . .     SeeInvis .   a - +2 dagger
rCold    . . .     Gourm    .   (shield restricted)
rNeg     . . .     Faith    .   b - +0 robe
rPois    .         Spirit   .   (no helmet)
rElec    .         Reflect  .   i - scarf {repulsion}
rCorr    .         Harm     .   (no gloves)
MR       .....                  (no boots)
Stlth    +++.......             h - amulet of the acrobat
HPRegen  0.09/turn              (no ring)
MPRegen  0.09/turn              (no ring)

@: corroded, repel missiles
A: small, carnivore
a: no special abilities


You were on level 1 of the Dungeon.
You were very full.

You visited 1 branch of the dungeon, and saw 2 of its levels.

You collected 45 gold pieces.

Inventory:

Hand Weapons
 a - a +2 dagger (weapon)
Missiles
 d - 8 poisoned darts (quivered)
 e - 2 curare-tipped darts
Armour
 b - a +0 robe (worn)
 c - a +0 cloak
 i - a scarf of repulsion (worn)
Jewellery
 h - an amulet of the acrobat (around neck)
Scrolls
 g - a scroll of noise {unknown}
 j - a scroll of remove curse {unknown}
 k - a scroll of teleportation {unknown}
 m - a scroll of blinking {unknown}
Potions
 l - a potion of flight {unknown}
Comestibles
 f - 2 rations


   Skills:
 + Level 2.8 Fighting
 * Level 3.9 Short Blades
 + Level 2.6 Throwing
 + Level 2.1 Dodging
 + Level 5.8 Stealth


You had 3 spell levels left.
You didn't know any spells.
Your spell library was empty.

Dungeon Overview and Level Annotations

Branches:
Dungeon (2/15)

Altars:


Innate Abilities, Weirdness & Mutations

You are small and have problems with some larger weapons.
You are carnivorous and can eat meat at any time.


Message History

The jelly is moderately wounded.
The jelly hits you. The acid corrodes you!
You are splashed with acid!
You hit the jelly but do no damage.
Your hands burn!
* * * LOW HITPOINT WARNING * * *
The jelly is moderately wounded.
The jelly closely misses you.
You see here a +0 club.
You are no longer corroded.
You completely miss the jelly.
The jelly is moderately wounded.
The jelly barely misses you.
You hit the jelly.
Your hands burn!
* * * LOW HITPOINT WARNING * * *
The jelly is moderately wounded.
The jelly hits you but does no damage.
You hit the jelly.
Your hands burn!
* * * LOW HITPOINT WARNING * * *
The jelly is heavily wounded.
You hit the jelly. The acid corrodes you!
Your hands burn!
You die...

.....#...#.######.##.# #.#
.......###.#.).......# #.#
######.# #.#.####.#### #.#
....##.# #.#....#.#########.#####
.......# #.####.#.....)..##......
.....#####.####.#..#####.########
...................#...#.# #
....###########.##.#.#...# #
##### #.#.....@J.#†############
########.##)#.......>..........#
#........##.########.#########.#
#.######.##.#....J.......)...#.#
#.# #[...#.######.#.#)###.#.# #.#
######.# #.#.#.#...#.. #.# #J#
#.#.#.#.##### #.# #.# #.#.#.#.#
#.###########.# #.#.#.#.#


You could see a jelly.

Vanquished Creatures
  5 oozes
  5 dart slugs (D:1)
  A leopard gecko (D:1)
  2 giant cockroaches (D:1)
  3 goblins (D:1)
  5 hobgoblins (D:1)
  4 jackals (D:1)
  2 kobolds (D:1)
  5 frilled lizards
  5 rats (D:1)
37 creatures vanquished.

Notes
Turn   | Place    | Note
-------+----------+-------------------------------------------
     0 | D:1      | Hasart the Kobold Assassin began the quest for the Orb.
     0 | D:1      | Reached XP level 1. HP: 12/12 MP: 1/1
     0 | D:1      | Noticed a jelly
     2 | D:1      | Found a runed translucent door.
   140 | D:1      | Reached XP level 2. HP: 17/17 MP: 2/2
   557 | D:1      | Reached XP level 3. HP: 22/22 MP: 3/3
  1150 | D:1      | Reached XP level 4. HP: 19/27 MP: 4/4
  1702 | D:1      | Splashed by a jelly's acid

Illustrated notes

Levels and vault maps discovered:
D:1:      dpeg_arrival_caged_fury, layout_basic
D:2:      layout_basic, zin_academy, tso_altar,
          chequers_ecumenical_altar_island, uniq_jessica

Skill      XL: |  1  2  3  4 |
---------------+-------------+-----
Short Blades   | 3 |  3.9
Dodging        | 2 |  2.1
Fighting       | |  2.8
Throwing       | |  2.6
Stealth        | |  5.8

Action                   |  1- 3 |  4- 6 || total
-------------------------+-------+-------++-------
Melee: Dagger            |    89 |    49 ||   138
Throw: Dart              |       |     3 ||     3
 Stab: Sleeping          |    11 |       ||    11
  Eat: Chunk             |     9 |     1 ||    10
Armor: Robe              |     5 |     5 ||    10
Dodge: Dodged            |    44 |    27 ||    71

Table legend:
 A = Non-vault XP
 B = Vault XP
 C = Vault XP percentage of total XP
 D = Non-vault monster count
 E = Vault monster count
 F = Vault count percentage of total count
                 A         B        C        D         E       F
            +---------+---------+-------+---------+---------+-------
      Total |      53 |      45 |  45.9 |      26 |      11 |  29.7
            +---------+---------+-------+---------+---------+-------
        D:1 |      52 |      38 |  42.2 |      25 |      10 |  28.6
        D:2 |       1 |       7 |  87.5 |       1 |       1 |  50.0
            +---------+---------+-------+---------+---------+-------
